 Dungeon Crawl Stone Soup version 0.18.1-48-g4cf74bf (webtiles) character file.

412 Ponchio the Shield-Bearer (level 6, -2/39 HPs)
             Began as a Gargoyle Fighter on July 4, 2016.
             Was an Initiate of Qazlal.
             Killed by nerve-wracking pain
             ... invoked by Grinder
              (13 damage)
             ... on level 5 of the Dungeon.
             The game lasted 00:16:22 (4620 turns).

Ponchio the Shield-Bearer (Gargoyle Fighter)        Turns: 4620, Time: 00:16:23

Health: -2/39      AC: 14    Str: 20    XL:     6   Next: 90%
Magic:  6/6        EV: 10    Int:  8    God:    Qazlal [......]
Gold:   163        SH: 10    Dex: 11    Spells: 0 memorised, 5 levels left

rFire  . . .     SeeInvis .     h - -2 hand axe (curse)
rCold  . . .     Gourm    .     e - +3 leather armour
rNeg   + . .     Faith    .     c - +1 shield
rPois  ∞         Spirit   .     (no helmet)
rElec  +         Dismiss  .     (no cloak)
rCorr  .         Reflect  .     v - +0 pair of gloves
SustAt .         Harm     .     (no boots)
MR     .....                    (no amulet)
Stlth  ..........               q - +2 ring of protection
                                k - ring of loudness (curse)

@: not resistant to hostile enchantments, extremely unstealthy
A: negative energy resistance 1, electricity resistance, unbreathing,
petrification resistance, rot immunity, AC +4
a: Renounce Religion


You were on level 5 of the Dungeon.
You worshipped Qazlal.
Qazlal was noncommittal.
You were hungry.

You visited 1 branch of the dungeon, and saw 5 of its levels.

You collected 163 gold pieces.

Inventory:

Hand Weapons
 a - a +0 flail
 h - a cursed -2 hand axe (weapon)
 j - a cursed -3 whip
Armour
 c - a +1 shield (worn)
 e - a +3 leather armour (worn)
 v - a +0 pair of gloves (worn)
Jewellery
 g - an uncursed ring of fire {unknown}
 k - a cursed ring of loudness (left hand)
 q - a +2 ring of protection (right hand)
 u - a +6 ring of intelligence {unknown}
Scrolls
 s - a scroll of enchant armour
Potions
 b - 2 potions of cancellation
 i - 3 potions of brilliance
 n - a potion of flight {unknown}
 r - a potion of haste {unknown}
 t - 2 potions of magic
Comestibles
 f - 3 bread rations
 m - a meat ration
 o - 7 fruits


   Skills:
 + Level 4.7 Fighting
 + Level 3.3 Maces & Flails
 + Level 4.7 Armour
 + Level 2.1 Dodging
 + Level 4.9 Shields


You had 5 spell levels left.
You didn't know any spells.

Dungeon Overview and Level Annotations

Branches:
Dungeon (5/15)
 Temple: D:4-7

Altars:
Elyvilon
Fedhas
Gozag
Okawaru
Qazlal
Ru
Trog

Annotations:
D:5 Grinder


Innate Abilities, Weirdness & Mutations

You are resistant to torment.
Your stone body is resilient (AC +4).
You are immune to poison.
You resist negative energy.
You are resistant to electric shocks.
You can survive without breathing.
You are immune to petrification.
You are immune to rotting.


Message History

You hit Grinder.
Grinder is heavily wounded.
Grinder says, "Are you a fish?" Grinder gestures at you.
You suddenly lose the ability to move!
Grinder gestures at you. Pain shoots through your body!
* * * LOW HITPOINT WARNING * * *
You can move again.
You are too injured to fight recklessly!
You are too injured to fight recklessly!
You are too injured to fight recklessly!
You are too injured to fight recklessly!
You are too injured to fight recklessly!
You are too injured to fight recklessly!
You are too injured to fight recklessly!
You are too injured to fight recklessly!
Grinder gestures at you. Pain shoots through your body!
You die...

#............
#..........# #......?...#
#..........# #
#..........#### .##
#....?........##<.# #
#..........##.<##.# .#
#........>.###..#.##.#
#........@..###......#
#.......5..<.##..)...####
#####.######.##..........
#.. .##.......### ...#
.##..#.#...# #.
###.#...#... # #.........
#..#..#..[ ...#..# ##


You could see Grinder.

Vanquished Creatures
  A scorpion (D:4)
  An orc priest (D:2)
  An orc wizard (D:3)
  A giant frog skeleton (D:4)
  Natasha (thrice) (D:3)
  Terence (D:3)
  2 worker ants (D:4)
  3 gnolls
  3 adders
  A howler monkey skeleton (D:5)
  An ooze (D:4)
  A worm (D:3)
  3 giant geckos
  5 orcs
  3 giant cockroaches
  8 goblins
  7 hobgoblins
  2 quokkas (D:3)
  8 bats
  2 giant newts
  A jackal skeleton (D:4)
  2 kobolds (D:3)
  6 rats
66 creatures vanquished.

Vanquished Creatures (others)
  A giant cockroach (D:1)
1 creature vanquished.

Grand Total: 67 creatures vanquished

Notes
Turn   | Place    | Note
--------------------------------------------------------------
     0 | D:1      | Ponchio the Gargoyle Fighter began the quest for the Orb.
     0 | D:1      | Reached XP level 1. HP: 14/14 MP: 1/1
   174 | D:1      | Reached XP level 2. HP: 8/19 MP: 2/2
   893 | D:2      | Found a stormy altar of Qazlal.
   897 | D:2      | Became a worshipper of Qazlal Stormbringer
   903 | D:2      | Found a white marble altar of Elyvilon.
   922 | D:2      | Found an opulent altar of Gozag.
   925 | D:2      | Found a sacrificial altar of Ru.
  1207 | D:2      | Found a stormy altar of Qazlal.
  1397 | D:2      | Reached XP level 3. HP: 23/23 MP: 3/3
  1642 | D:3      | Reached skill level 1 in Dodging
  1642 | D:3      | Reached XP level 4. HP: 24/29 MP: 4/4
  1859 | D:2      | Reached XP level 5. HP: 19/33 MP: 5/5
  2108 | D:3      | Found a bloodstained altar of Trog.
  2141 | D:3      | Noticed Terence
  2160 | D:3      | Killed Terence
  2283 | D:3      | Found a blossoming altar of Fedhas.
  2283 | D:3      | Found an iron altar of Okawaru.
  2369 | D:3      | Noticed Natasha
  2405 | D:3      | Killed Natasha
  2594 | D:3      | Noticed Natasha
  2618 | D:3      | Killed Natasha
  2618 | D:3      | Reached XP level 6. HP: 12/39 MP: 6/6
  2985 | D:3      | Noticed Natasha
  3012 | D:3      | Killed Natasha
  4306 | D:5      | Entered Level 5 of the Dungeon
  4322 | D:5      | Noticed Grinder
  4334 | D:5      | Paralysed by Grinder for 5 turns
  4354 | D:5      | Paralysed by Grinder for 3 turns
  4578 | D:5      | Paralysed by Grinder for 3 turns
  4599 | D:5      | Paralysed by Grinder for 7 turns
  4611 | D:5      | Paralysed by Grinder for 5 turns
  4618 | D:5      | Paralysed by Grinder for 2 turns
  4620 | D:5      | Killed from afar by Grinder

Skill      XL: |  1  2  3  4  5  6 |
---------------+-------------------+-----
Dodging        | 1 2 |  2.1
Shields        | 4 |  4.9
Fighting       | 4 |  4.7
Armour         | 4 |  4.7
Maces & Flails | 3 |  3.3

Action                   |  1- 3 |  4- 6 || total
-------------------------+-------+-------++-------
Melee: Hand axe          |   166 |   348 ||   514
       Flail             |    14 |       ||    14
  Use: Scroll            |     5 |     9 ||    14
       Potion            |     2 |     4 ||     6
  Eat: Chunk             |     3 |     6 ||     9
       Royal jelly       |       |     1 ||     1
       Beef jerky        |       |     1 ||     1
Armor: Leather armour    |    90 |   167 ||   257
       Scale mail        |     1 |       ||     1
Dodge: Dodged            |    94 |   105 ||   199
Block: Shield            |   126 |   160 ||   286
